 Dungeon Crawl Stone Soup version 0.19-a0-1831-gd4c818f (webtiles) character file.

563 Flanowski the Geomancer (level 7, -11/36 HPs)
             Began as a Deep Elf Earth Elementalist on Oct 8, 2016.
             Was an Initiate of Vehumet.
             Mangled by an ogre
             ... wielding a +0 giant spiked club
              (29 damage)
             ... on level 4 of the Dungeon.
             The game lasted 00:13:15 (5223 turns).

Flanowski the Geomancer (DEEE)                      Turns: 5223, Time: 00:13:16

Health: -11/36     AC:  2    Str:  5    XL:     7   Next: 10%
Magic:  12/13      EV: 12    Int: 22    God:    Vehumet [......]
Gold:   161        SH:  3    Dex: 15    Spells: 4 memorised, 1 level left

rFire  . . .     SeeInvis +     b - 80 stones
rCold  . . .     Gourm    .     c - +0 robe
rNeg   . . .     Faith    .     h - +0 buckler
rPois  .         Spirit   .     (no helmet)
rElec  .         Dismiss  .     (no cloak)
rCorr  .         Reflect  .     (no gloves)
MR     .....     Harm     .     (no boots)
Stlth  ++........               (no amulet)
                                (no ring)
                                o - ring of see invisible

@: no status effects
A: no striking features
a: Renounce Religion


You were on level 4 of the Dungeon.
You worshipped Vehumet.
Vehumet was noncommittal.
You were not hungry.

You visited 1 branch of the dungeon, and saw 5 of its levels.

You collected 161 gold pieces.

Inventory:

Hand Weapons
 f - a +2 spear of venom
Missiles
 b - 80 stones (in hand)
 m - 26 sling bullets
Armour
 c - a +0 robe (worn)
 h - a +0 buckler (worn)
Jewellery
 l - an uncursed ring of flight
 o - a ring of see invisible (left hand)
 y - an uncursed ring of protection from fire {unknown}
 z - an uncursed ring of protection from magic {unknown}
Scrolls
 g - 2 scrolls of random uselessness
 j - 3 scrolls of identify
 k - a scroll of recharging
 q - a scroll of teleportation {unknown}
 t - 2 scrolls of remove curse {unknown}
 u - a scroll of magic mapping {unknown}
 w - a scroll of fog {unknown}
Potions
 a - a potion of might {unknown}
 i - a potion of flight {unknown}
 n - 2 potions of curing {unknown}
 p - a potion of brilliance {unknown}
 s - 3 potions of heal wounds {unknown}
 v - a potion of lignification {unknown}
 x - a potion of ambrosia {unknown}
Books
 e - a book of Geomancy

   Spells                             Type                      Level
   a - Sandblast                      Earth                        1
   b - Passwall                       Transmutation/Earth          2
   c - Stone Arrow                    Conjuration/Earth            3
   d - Petrify                        Transmutation/Earth          4
   e - Lee's Rapid Deconstruction     Earth                        5
Comestibles
 d - 6 bread rations
 r - a beef jerky
 A - 5 chunks of flesh


   Skills:
 - Level 2.4 Dodging
 - Level 2.4 Stealth
 + Level 0.1 Shields
 - Level 3.0 Spellcasting
 + Level 1.0 Conjurations
 - Level 1.1 Transmutations
 + Level 8.8 Earth Magic


You had one spell level left.
You knew the following spells:

 Your Spells              Type           Power        Failure   Level  Hunger
a - Sandblast             Erth           #####.       1%          1    None
b - Stone Arrow           Conj/Erth      ####..       10%         3    ###....
c - Passwall              Tmut/Erth      ####......   4%          2    ##.....
d - Lee's Rapid Deconstr  Erth           #####.....   17%         5    ######.


Dungeon Overview and Level Annotations

Branches:
Dungeon (5/15)             Temple (0/1) D:4

Altars:
Cheibriados
Gozag
Hepliaklqana
Kikubaaqudgha
Nemelex Xobeh
Okawaru
Ru
Sif Muna
Vehumet
The Shining One

Shops:
D:5 =


Message History

Unknown command.
You see here a giant cockroach corpse.
You butcher the giant cockroach corpse.
A - 8 chunks of flesh (gained 2)
An ogre comes into view. It is wielding a giant spiked club.
The ogre shouts!
Wield which item (- for none, * to show all)? (? for menu, Esc to quit)
Your +2 spear of venom stops dripping with poison.
b - 81 stones (in hand) Some of the chunks of flesh in your inventory have rotted away.
Casting: Sandblast
Confirm with . or Enter, or press ? or * to list all spells.
Aiming: Sandblast
Press: ? - help, Shift-Dir - straight line, f - ogre
Aim: an ogre, wielding a giant spiked club The rocky blast hits the ogre.
The ogre is heavily wounded.
The ogre hits you with a giant spiked club!!
Ouch! That really hurt!
You die...

###.### #..............#
#.....# #.........###..#
#.....# #......#### #..#
#.....# #####......#### #...
#.....###.............# #...
#.........#######.....###..#
#.........#...............##
#.........#O#####.....###..#
#.........#@# ##.####.....
###.......#.######.# #....#
#..............#.# #...##
#.......#.###.##.# #....#
#......##.# #.##.# #.....
#......##.###.##.# #.....
#......#......##.####.....
#....###......##......####
#....# #......##........#


You could see an ogre.

Vanquished Creatures
  An ogre (D:4)
  A bullfrog (D:4)
  A centaur skeleton (D:4)
  A hound (D:4)
  An iguana (D:4)
  2 worker ants
  10 adders
  8 gnolls (D:4)
  3 oozes
  An adder skeleton (D:4)
  3 worms
  2 dart slugs
  5 leopard geckos
  4 orcs
  2 ball pythons (D:2)
  6 giant cockroaches
  9 goblins
  7 hobgoblins
  2 jackals (D:3)
  A quokka (D:2)
  8 bats
  9 frilled lizards
  A jackal skeleton (D:4)
  6 kobolds
  6 rats
100 creatures vanquished.

Notes
Turn   | Place    | Note
-------+----------+-------------------------------------------
     0 | D:1      | Flanowski the Deep Elf Earth Elementalist began the quest for the Orb.
     0 | D:1      | Reached XP level 1. HP: 10/10 MP: 6/6
   353 | D:1      | Reached skill level 4 in Earth Magic
   353 | D:1      | Reached XP level 2. HP: 14/15 MP: 8/8
   939 | D:1      | Reached XP level 3. HP: 19/19 MP: 7/9
  1361 | D:2      | Reached skill level 5 in Earth Magic
  1930 | D:2      | Reached XP level 4. HP: 24/24 MP: 10/10
  1992 | D:2      | Learned a level 3 spell: Stone Arrow
  2089 | D:2      | Found a sparkling altar of Nemelex Xobeh.
  2453 | D:2      | Reached skill level 6 in Earth Magic
  2985 | D:3      | Reached XP level 5. HP: 28/28 MP: 9/11
  3034 | D:3      | Found a glowing golden altar of the Shining One.
  3044 | D:3      | Found a sacrificial altar of Ru.
  3054 | D:3      | Found a deep blue altar of Sif Muna.
  3061 | D:3      | Found an ancient bone altar of Kikubaaqudgha.
  3068 | D:3      | Found a hazy altar of Hepliaklqana.
  3073 | D:3      | Found an opulent altar of Gozag.
  3090 | D:3      | Found an iron altar of Okawaru.
  3212 | D:3      | Found a faded altar of an unknown god.
  3493 | D:4      | Found a radiant altar of Vehumet.
  3501 | D:4      | Became a worshipper of Vehumet
  3751 | D:4      | Reached skill level 7 in Earth Magic
  3973 | D:4      | Reached XP level 6. HP: 30/32 MP: 0/12
  4013 | D:4      | Found a staircase to the Ecumenical Temple.
  4385 | D:4      | Reached skill level 8 in Earth Magic
  4613 | D:4      | Reached skill level 1 in Conjurations
  5103 | D:5      | Entered Level 5 of the Dungeon
  5103 | D:5      | Found Eschemem's Jewellery Emporium.
  5112 | D:4      | Reached XP level 7. HP: 31/36 MP: 9/13
  5143 | D:4      | Learned a level 2 spell: Passwall
  5149 | D:4      | Learned a level 5 spell: Lee's Rapid Deconstruction
  5176 | D:5      | Found a snail-covered altar of Cheibriados.
  5223 | D:4      | Mangled by an ogre

Vault maps used:
D:1:      mrwooster_arrival_statue_2
D:2:      nicolae_overflow_crystal_walls, first_bread
D:3:      grunt_temple_overflow_octagram, ecumenical_altar_1
D:4:      vehumet_crystals
D:5:      nicolae_ashenzari_panopticon, serial_shops, shop, nicolae_shop_trees,
          shop, shop, basic_altar, kennysheep_cluttered_room, st_stairs_5,
          uniq_sigmund

Skill      XL: |  1  2  3  4  5  6 |
---------------+-------------------+-----
Earth Magic    | 4 5 6 7 8 |  8.8
Conjurations   | 1 |  1.0
Dodging        | |  2.4
Stealth        | |  2.4
Shields        | |  0.1
Spellcasting   | |  3.0
Transmutations | |  1.1

Action                   |  1- 3 |  4- 6 |  7- 9 || total
-------------------------+-------+-------+-------++-------
Melee: Spear             |    64 |   101 |     2 ||   167
 Cast: Sandblast         |    33 |    58 |     7 ||    98
       Stone Arrow       |       |     6 |       ||     6
  Use: Scroll            |       |     4 |       ||     4
 Stab: Sleeping          |     2 |     7 |       ||     9
       Distracted        |       |     1 |       ||     1
  Eat: Chunk             |     3 |    11 |       ||    14
Armor: Robe              |    14 |    12 |     1 ||    27
Dodge: Dodged            |    43 |    71 |     8 ||   122
Block: Buckler           |       |     4 |     1 ||     5
